 Dungeon Crawl Stone Soup version 0.30-a0-459-g9104f0fc43 (webtiles) character file.

Game seed: 3577383364023572711

431 BigDaddyOpFi the Trooper (level 7, 0/61 HPs)
             Began as a Hill Orc Fighter on Dec 15, 2022.
             Was an Initiate of Beogh.
             Slain by an orc priest
             ... wielding a +0 hand axe
              (5 damage)
             ... on level 5 of the Dungeon.
             The game lasted 00:04:23 (4434 turns).

BigDaddyOpFi the Trooper (Hill Orc Fighter)         Turns: 4434, Time: 00:04:24

Health: 0/61       AC: 12    Str: 21    XL:     7   Next: 0%
Magic:  9/9        EV:  7    Int:  8    God:    Beogh [......]
Gold:   320        SH:  4    Dex: 10    Spells: 6/6 levels left

rFire   . . .      SeeInvis .    a - +1 war axe
rCold   . . .      Faith    .    c - +0 buckler
rNeg    . . .      Spirit   .    d - +0 chain mail
rPois   .          Reflect  .    v - +0 helmet
rElec   .          Harm     .    i - +0 cloak
rCorr   .          Rampage  .    (no gloves)
Will    .....                    (no boots)
Stlth   ..........               (no amulet)
HPRegen 0.30/turn                e - ring of wizardry
MPRegen 0.11/turn                (no ring)

@: brilliant, about to teleport
A: no striking features
a: Renounce Religion


You were on level 5 of the Dungeon.
You worshipped Beogh.
Beogh was noncommittal.
You visited 1 branch of the dungeon, and saw 5 of its levels.

You collected 320 gold pieces.

Inventory:

Hand Weapons
 a - a +1 war axe (weapon)
 t - a +4 quarterstaff of chaos
Armour
 c - a +0 buckler (worn)
 d - a +0 chain mail (worn)
 i - a +0 cloak (worn)
 v - a +0 helmet (worn)
Jewellery
 e - a ring of wizardry (left hand)
Wands
 s - a wand of digging (1)
 w - a wand of mindburst (2)
Scrolls
 b - a scroll of acquirement {unknown}
 f - 2 scrolls of immolation {unknown}
 h - 2 scrolls of noise
 l - 2 scrolls of vulnerability
 m - 2 scrolls of magic mapping
 o - a scroll of identify
 p - a scroll of fog
Potions
 j - a potion of cancellation
 k - a potion of experience {unknown}
 n - 2 potions of heal wounds
 q - a potion of mutation {unknown}
 u - a potion of curing {unknown}


   Skills:
 + Level 5.2 Fighting
 + Level 4.8 Axes
 + Level 4.7 Armour
 + Level 4.7 Shields
 * Level 3.8 Invocations


You had 6 spell levels left.
You didn't know any spells.
Your spell library contained the following spells:

 Spells                   Type           Power      Damage    Failure   Level
 Sting                    Tmut/Pois      0%         1d3       86%         1
 Ignite Poison            Fire/Tmut/Pois 0%         N/A       99%         3
 Mephitic Cloud           Conj/Pois/Air  0%         N/A       99%         3
 Freezing Cloud           Conj/Ice/Air   0%         6-21      100%        5
 Simulacrum               Ice/Necr       0%         N/A       100%        6


Dungeon Overview and Level Annotations

Branches:
Dungeon (5/15)
 Temple: D:4-7

Altars:
Cheibriados
Fedhas
Gozag
Kikubaaqudgha
Ru


Message History

The orc priest is moderately wounded.
You hit something but do no damage. You block the orc priest's attack.
Something hits you but does no damage. The white imp gestures at you.
The puff of frost hits you. The white imp gestures at you.
The puff of frost hits you but does no damage.
Something hits you.
An orc comes into view. It is wielding a +0 whip.
You block the orc priest's attack.
You barely miss the orc priest.
The orc priest is moderately wounded.
The orc shouts!
You slash something!
The orc priest invokes the aid of Beogh against you.
Beogh smites you! The white imp puffs mist at you.
The white imp gestures at you.
The puff of frost hits you but does no damage.
An orc priest comes into view. It is wielding a +0 hand axe.
The orc priest shouts!
You hit the orc priest.
The orc priest is heavily wounded.
You miss something.
You hear a shout!
The orc priest calls down the wrath of Beogh upon you.
Beogh smites you!
* * * LOW HITPOINT WARNING * * *
Something hits you.
* * * LOW HITPOINT WARNING * * *
The white imp gestures at you.
The puff of frost hits you but does no damage.
An orc priest comes into view. It is wielding a +0 club.
An orc comes into view. It is wielding a +0 club.
As you read the scroll of teleportation, it crumbles to dust.
You feel strangely unstable.
The orc shouts!
The orc priest hits you with a +0 hand axe.
You die...
Beogh appreciates the orc priest's killing of a heretic priest.

.............oo
...............o
.................
..........o.......
...................
........5...........
.[....ooo........[..
.$.....@............
....................
....................
#....................
#............).......
#....................
#....................
#....................
#####
#....................


You could see 2 orc priests, an orc wizard, a white imp and 3 orcs.

Vanquished Creatures
  A black bear (D:5)
  A centaur (D:5)
  A howler monkey (D:4)
  Crazy Yiuf (D:3)
  A jelly (D:5)
  Terence (D:3)
  7 adders
  3 worms
  An orc (D:3)
  9 ball pythons
  7 endoplasms
  3 giant cockroaches
  8 goblins
  A hobgoblin (D:2)
  A jackal (D:2)
  4 quokkas
  5 bats
  4 frilled lizards
  6 kobolds
  9 rats
74 creatures vanquished.

Notes
Turn   | Place    | Note
-------+----------+-------------------------------------------
     0 | D:1      | BigDaddyOpFi the Hill Orc Fighter began the quest for the
                  | Orb.
     0 | D:1      | Reached XP level 1. HP: 19/19 MP: 1/1
   112 | D:1      | Reached XP level 2. HP: 23/27 MP: 2/2
   167 | D:1      | Found a faded altar of an unknown god.
   712 | D:1      | Reached skill level 4 in Fighting
   987 | D:2      | Reached XP level 3. HP: 25/33 MP: 3/3
  1295 | D:2      | Reached XP level 4. HP: 26/41 MP: 4/4
  2092 | D:3      | Found a snail-covered altar of Cheibriados.
  2128 | D:3      | Became a worshipper of Beogh the Brigand
  2250 | D:3      | Got Ytwoish's Papyrus of Icy Contamination
  2457 | D:3      | Noticed Terence
  2462 | D:3      | Killed Terence
  2463 | D:3      | Reached skill level 1 in Invocations
  2463 | D:3      | Reached XP level 5. HP: 47/47 MP: 4/6
  2797 | D:3      | Found a runed translucent door.
  2798 | D:3      | Noticed Crazy Yiuf
  2988 | D:3      | Killed Crazy Yiuf
  3520 | D:4      | Found an opulent altar of Gozag.
  3776 | D:4      | Found a sacrificial altar of Ru.
  3782 | D:4      | Reached XP level 6. HP: 55/55 MP: 7/7
  3800 | D:4      | Found a blossoming altar of Fedhas.
  3971 | D:4      | Found an ancient bone altar of Kikubaaqudgha.
  4293 | D:5      | Entered Level 5 of the Dungeon
  4412 | D:5      | Reached skill level 5 in Fighting
  4419 | D:5      | Noticed a black bear
  4426 | D:5      | Killed a black bear
  4427 | D:5      | Reached XP level 7. HP: 37/61 MP: 9/9
  4434 | D:5      | Slain by an orc priest

Illustrated notes

Levels and vault maps discovered:
D:1:      sevenhm_arrival_forest_fort_small_4, layout_basic,
          ebering_ecumenical_altar_webs, minmay_misc_feat_chi
D:2:      minmay_recursive_quarters, layout_loops_cross, nrook_mini_vaults,
          corexii_item_surrounded_by_moat, kennysheep_generic_room_14
D:3:      layout_loops_cross, lemuel_round_altar, dreamdust_princess_bridge,
          uniq_crazy_yiuf_cottage, uniq_terence
D:4:      nicolae_BIG_FREAKIN_CUBE, layout_layer_cave,
          nicolae_gozag_cash_rules_everything_around_me,
          mainiacjoe_overflow_large_starburst, kiku_gazebo_garden_becter,
          minmay_misc_feat_nine_boxes
D:5:      layout_basic, nicolae_uskayaw_suspiria,
          mainiacjoe_overflow_tiny_flanked, uniq_pikel

Skill      XL: |  1  2  3  4  5  6 |
---------------+-------------------+-----
Axes           | 3 4 |  4.8
Fighting       | 4 5 |  5.2
Armour         | 4 |  4.7
Shields        | 4 |  4.7
Invocations    | 1 2 3 |  3.8

Action                   |  1- 3 |  4- 6 |  7- 9 || total
-------------------------+-------+-------+-------++-------
Melee: War axe           |   116 |   131 |     5 ||   252
Invok: Convert to Beogh  |       |     1 |       ||     1
  Use: Potion            |     3 |     4 |       ||     7
       Scroll            |       |     8 |     1 ||     9
Armor: Scale mail        |    63 |    36 |       ||    99
       Skin              |       |     3 |       ||     3
       Chain mail        |       |    47 |     5 ||    52
Dodge: Dodged            |    64 |    49 |       ||   113
Block: Buckler           |    27 |    36 |     4 ||    67

Table legend: (Time is in decaauts)
 A = Elapsed time spent in this place.
 B = Non-inter-level travel time spent in this place.
 C = Inter-level travel time spent in this place.
 D = Time resting spent in this place.
 E = Time spent auto-exploring this place.
 F = Levels seen in this place.
 G = Mean time per level.
                   A        B        C        D        E       F      G
               +--------+--------+--------+--------+--------+-----+--------+
         Total |   4495 |   4404 |     91 |    526 |   3162 |   5 |  899.0 |
       Dungeon |   4495 |   4404 |     91 |    526 |   3162 |   5 |  899.0 |
               +--------+--------+--------+--------+--------+-----+--------+

Top non-repeatable levels by time:
     D:2: 1265 daAuts
     D:3: 1244 daAuts
     D:4: 972 daAuts
     D:1: 865 daAuts
     D:5: 146 daAuts
